 Dungeon Sprint DCSS version 0.28.0-47-ge53b351184 (webtiles) character file.

Game seed: 15935536423279389788

46 boopmooplesden the Slasher (level 3, 0/37 HPs)
             Began as a Minotaur Berserker on Apr 28, 2022.
             Was a Believer of Trog.
             Slain by a scorpion (8 damage)
             ... in the Dungeon (Sprint III: "The Ten Rune Challenge").
             The game lasted 00:00:21 (360 turns).

boopmooplesden the Slasher (Minotaur Berserker)      Turns: 360, Time: 00:00:22

Health: 0/37       AC:  2    Str: 21    XL:     3   Next: 46%
Magic:  2/2        EV: 12    Int:  4    God:    Trog [**....]
Gold:   5          SH:  0    Dex: 11    Spells: 2/2 levels left

rFire   . . .      SeeInvis .   a - +0 falchion
rCold   . . .      Faith    .   (no shield)
rNeg    . . .      Spirit   .   b - +0 animal skin
rPois   .          Reflect  .   (helmet restricted)
rElec   .          Harm     .   (no cloak)
rCorr   .          Rampage  .   (no gloves)
Will    .....      NoTele   +   (no boots)
Stlth   +.........              (no amulet)
HPRegen 0.12/turn               (no ring)
MPRegen 0.08/turn               (no ring)

@: on berserk cooldown, slowed, very slow
A: horns 2, retaliatory headbutt
a: Renounce Religion, Berserk, Trog's Hand


You were in the Dungeon.
You worshipped Trog.
Trog was pleased with you.
You visited 1 branch You collected 5 gold pieces.

Inventory:

Hand Weapons
 a - a +0 falchion (weapon)
Armour
 b - a +0 animal skin (worn)
Scrolls
 h - a scroll of blinking
Potions
 c - a potion of curing
 d - a potion of heal wounds
 e - a potion of haste
 f - 2 potions of magic
 g - a potion of berserk rage


   Skills:
 + Level 6.2 Fighting
 + Level 6.5 Long Blades
 + Level 3.4 Armour
 + Level 3.3 Dodging


You had 2 spell levels left.
You didn't know any spells.
Your spell library was empty.

Dungeon Overview and Level Annotations

Branches:
Dungeon (1/1)

Altars:


Innate Abilities, Weirdness & Mutations

You have a pair of horns on your head.
You reflexively headbutt those who attack you in melee.


Message History

You start resting.
HP restored.
You start waiting.
You open the door.
There is an open door here.
A human comes into view.
The human shouts!
A red film seems to cover your vision as you go berserk!
You feel yourself moving faster!
You feel mighty!
You slash the human!
The human is heavily wounded.
You slash the human!
The human is severely wounded.
The human hits you.
You slash the human!
The human is almost dead.
The human closely misses you.
You slash the human!
You kill the human!
Trog accepts your kill.
Your Fighting skill increases to level 6!
Your Long Blades skill increases to level 6!
You feel a strong urge to attack something.
You are no longer berserk.
You are exhausted.
You feel yourself slow down.
A scorpion comes into view.
The scorpion stings you.
You hit the scorpion but do no damage. You headbutt the scorpion.
The scorpion is lightly wounded.
The scorpion stings you. The scorpion stings you!
You closely miss the scorpion. Your headbutt misses the scorpion.
The scorpion is lightly wounded.
The scorpion stings you. x2
You hit the scorpion. You headbutt the scorpion!
The scorpion is almost dead.
The scorpion stings you!
* * * LOW HITPOINT WARNING * * *
The scorpion stings you!
You die...

▓..†..#....≈.♣
▓.....#...≈≈.♣♣
▓.....#..≈≈≈≈.♣♣ +
▓####'#..≈≈≈≈≈≈♣♣.#
▓[..÷)#.≈≈≈≈≈≈....#
▓.....#.≈≈≈≈≈.....#
▓.....#.≈≈≈.......#
▓'#####...........#
▓..@s.............#
▓▓▓▓▓▓▓▓▓▓▓▓▓▓▓▓▓▓▓


You could see a scorpion.

Vanquished Creatures
  Jessica (D)
  A human (D)
  An endoplasm (D)
  2 rats (D)
5 creatures vanquished.

Notes
Turn   | Place    | Note
-------+----------+-------------------------------------------
     0 | D        | boopmooplesden the Minotaur Berserker began the quest for
                  | the Orb.
     0 | D        | Reached XP level 1. HP: 19/19 MP: 0/0
    10 | D        | Noticed Jessica
    15 | D        | Killed Jessica
    15 | D        | Reached ** piety under Trog
    16 | D        | Reached skill level 5 in Fighting
    16 | D        | Reached skill level 5 in Long Blades
    16 | D        | Reached XP level 2. HP: 6/29 MP: 1/1
    18 | D        | Reached XP level 3. HP: 8/37 MP: 2/2
   351 | D        | Noticed a scorpion
   360 | D        | Slain by a scorpion

Illustrated notes

Levels and vault maps discovered:
D:        dungeon_sprint_mu [sprint_mu_entry_forest, sprint_mu_temple_rooms,
          sprint_mu_d1_horrors, sprint_mu_d2_genie, sprint_mu_d3_branching,
          sprint_mu_orc_legion, sprint_mu_elf_gauntlet, sprint_mu_hive_nellie,
          sprint_mu_lair_fedhas, sprint_mu_vaults_butterflies,
          sprint_mu_slime_circle, sprint_mu_shoals_kraken,
          sprint_mu_snake_twists, sprint_mu_blade_basic, sprint_mu_crypt_lich,
          sprint_mu_tomb_spiral, sprint_mu_vestibule_basic,
          sprint_mu_gehenna_hellfire, sprint_mu_dis_giant,
          sprint_mu_tartarus_statrot, sprint_mu_cocytus_islands, sprint_mu_zot1]

Skill      XL: |  1  2  3 |
---------------+----------+-----
Fighting       | 5 6 |  6.2
Long Blades    | 5 6 |  6.5
Armour         | 3 |  3.4
Dodging        | 3 |  3.3

Action                   || total
-------------------------++-------
Melee: Falchion          ||    13
       Headbutt          ||     3
Invok: Berserk           ||     2
Dodge: Dodged            ||     2
